 Dungeon Crawl Stone Soup version 0.23-a0-607-g760965b (webtiles) character file.

1794 galech the Chopper (level 8, 0/62 HPs)
             Began as a Demonspawn Fighter on Dec 20, 2018.
             Was a Follower of Okawaru.
             Slain by an orc priest
             ... wielding a +0 trident
              (1 damage)
             ... on level 5 of the Dungeon.
             The game lasted 00:07:25 (5339 turns).

galech the Chopper (Demonspawn Fighter)             Turns: 5339, Time: 00:07:26

Health: 0/62       AC: 12    Str: 16    XL:     8   Next: 82%
Magic:  8/8        EV:  7    Int:  9    God:    Okawaru [*.....]
Gold:   319        SH: 17    Dex: 16    Spells: 7/7 levels left

rFire    . . .     SeeInvis .   a - +0 war axe
rCold    . . .     Gourm    .   m - +3 large shield {rPois}
rNeg     . . .     Faith    +   u - +1 chain mail {rPois}
rPois    +         Spirit   .   (no helmet)
rElec    .         Reflect  .   t - +0 cloak
rCorr    .         Harm     .   (no gloves)
MR       .....                  (boots unavailable)
Stlth    ..........             y - amulet of faith
HPRegen  0.20/turn              (no ring)
MPRegen  0.11/turn              (no ring)

@: no status effects
A: talons 3, repulsion field 2
a: Heroism, Renounce Religion


You were on level 5 of the Dungeon.
You worshipped Okawaru.
Okawaru was aware of your devotion.
You were not hungry.

You visited 2 branches of the dungeon, and saw 9 of its levels.

You collected 319 gold pieces.

Inventory:

Hand Weapons
 a - a +0 war axe (weapon)
Armour
 c - a +0 plate armour
 m - a +3 large shield of poison resistance (worn)
 t - a +0 cloak (worn)
 u - a +1 chain mail of poison resistance (worn)
Jewellery
 y - an amulet of faith (around neck)
Scrolls
 b - a scroll of random uselessness
 d - a scroll of silence
 g - 2 scrolls of magic mapping
 i - a scroll of immolation
 j - 5 scrolls of remove curse
 l - a scroll of teleportation
 p - a scroll of enchant weapon {unknown}
 q - a scroll of amnesia
 v - a scroll of blinking {unknown}
Potions
 e - 2 potions of heal wounds {unknown}
 h - 2 potions of flight {unknown}
 k - a potion of lignification {unknown}
 n - 2 potions of invisibility {unknown}
 o - a potion of magic {unknown}
 r - a potion of mutation {unknown}
 s - 3 potions of curing {unknown}
 w - a potion of berserk rage {unknown}
Comestibles
 f - 10 rations
 x - 19 chunks of flesh


   Skills:
 + Level 5.1 Fighting
 + Level 6.7 Axes
 + Level 5.2 Armour
 + Level 2.0 Dodging
 + Level 0.3 Stealth
 + Level 5.8 Shields


You had 7 spell levels left.
You didn't know any spells.
Your spell library was empty.

Dungeon Overview and Level Annotations

Branches:
Dungeon (8/15)             Temple (1/1) D:7
   Lair: D:8-11

Altars:
Ashenzari
Dithmenos
Elyvilon
Gozag
Hepliaklqana
Kikubaaqudgha
Makhleb
Nemelex Xobeh
Okawaru
Qazlal
Ru
Sif Muna
Trog
Uskayaw
Vehumet
Xom
Yredelemnul
Zin
Beogh

Shops:
D:6 }

Annotations:
D:3 3 runed doors, Inarius's ghost, amateur DsCK


Innate Abilities, Weirdness & Mutations

You have claws for feet.
You are surrounded by a moderate repulsion field. (EV +3)


Message History

You hear some strange, mumbled words.
A magic dart appears from out of thin air!
The magic dart hits you!
* * * LOW HITPOINT WARNING * * *
Something hits you but does no damage.
The orc priest hits you but does no damage.
You bump into the rock wall.
Something hits you but does no damage.
You feel less confused. You block the orc priest's attack.
Something hits you but does no damage.
You hit the orc priest.
The orc priest is severely wounded.
You hit something. Okawaru accepts your kill.
Reactivating autopickup.
You feel a bit more experienced.
The orc priest mumbles some strange prayers to Beogh against you.
Beogh smites you!
* * * LOW HITPOINT WARNING * * *
The orc priest hits you with a +0 trident.
You die...

.. .......# ... ......# <...
.....# .....#######....#
....).......#....#
............#....# ....
............')o..#.......
............#).@.#........
............#..).#.........
............#...!#.........#
............###'##.........##
##+###.....................#
+....'.....................#
#....#รท....................#
#....#.....................#
########.....................+


You could see an orc priest.

Vanquished Creatures
  Pikel (D:5)
  Sigmund (D:2)
  A hungry ghost (D:8)
  A sky beast (D:5)
  4 slaves
  3 howler monkeys (D:8)
  A crimson imp (D:7)
  2 hounds
  A jelly (D:7)
  Crazy Yiuf (D:2)
  2 bullfrog skeletons
  4 orc wizards
  5 orc priests
  An iguana (D:6)
  3 worker ants
  Natasha (thrice) (D:2)
  7 adders
  A howler monkey skeleton (D:6)
  An ooze (D:1)
  2 adder skeletons
  A dart slug (D:2)
  3 leopard geckos
  28 orcs
  3 bats (D:1)
  4 giant cockroaches
  8 hobgoblins
  2 quokkas (D:5)
  2 ball pythons
  11 frilled lizards
  8 goblins
  A jackal skeleton (D:5)
  8 kobolds
  A quokka skeleton (D:2)
  8 rats
133 creatures vanquished.

Notes
Turn   | Place    | Note
-------+----------+-------------------------------------------
     0 | D:1      | galech the Demonspawn Fighter began the quest for the Orb.
     0 | D:1      | Reached XP level 1. HP: 18/18 MP: 1/1
   352 | D:1      | Reached skill level 2 in Axes
   352 | D:1      | Gained mutation: You have sharp toenails. [demonic
                  | ancestry]
   352 | D:1      | Reached XP level 2. HP: 21/24 MP: 2/2
   846 | D:1      | Reached XP level 3. HP: 29/29 MP: 3/3
  1434 | D:2      | Reached skill level 1 in Dodging
  1434 | D:2      | Gained mutation: You are surrounded by a mild repulsion
                  | field. (EV +2) [demonic ancestry]
  1434 | D:2      | Reached XP level 4. HP: 34/35 MP: 4/4
  1451 | D:2      | Noticed Sigmund
  1457 | D:2      | Killed Sigmund
  1457 | D:2      | Reached skill level 3 in Axes
  1457 | D:2      | Reached XP level 5. HP: 42/42 MP: 5/5
  1474 | D:2      | Found a shimmering altar of Xom.
  1474 | D:2      | Found a stormy altar of Qazlal.
  1587 | D:2      | Found a radiant altar of Vehumet.
  1743 | D:2      | Found an ancient bone altar of Kikubaaqudgha.
  1743 | D:2      | Found a sacrificial altar of Ru.
  1790 | D:2      | Found a runed door.
  1908 | D:2      | Noticed Natasha
  1914 | D:2      | Killed Natasha
  1914 | D:2      | Gained mutation: You have razor-sharp toenails. [demonic
                  | ancestry]
  1914 | D:2      | Reached XP level 6. HP: 48/48 MP: 6/6
  2002 | D:2      | Noticed Natasha
  2009 | D:2      | Killed Natasha
  2029 | D:2      | Noticed Crazy Yiuf
  2036 | D:2      | Killed Crazy Yiuf
  2510 | D:2      | Noticed Natasha
  2519 | D:2      | Killed Natasha
  3296 | D:3      | Found a runed gate.
  3301 | D:3      | Found a runed gate.
  3301 | D:3      | Noticed Inarius's ghost (amateur DsCK)
  3302 | D:3      | Found a runed gate.
  3304 | D:3      | Identified the +7 hunting sling of the Omega Point {flame,
                  | rC+}
  3312 | D:3      | Found a roughly hewn altar of Beogh.
  3347 | D:4      | Reached skill level 4 in Axes
  3352 | D:4      | Gained mutation: You are surrounded by a moderate repulsion
                  | field. (EV +3) [demonic ancestry]
  3352 | D:4      | Reached XP level 7. HP: 12/54 MP: 7/7
  3563 | D:4      | Found an opulent altar of Gozag.
  3651 | D:5      | Entered Level 5 of the Dungeon
  4001 | D:5      | Found a deep blue altar of Sif Muna.
  4092 | D:5      | You fall through a shaft for 3 floors!
  4114 | D:8      | Noticed a hungry ghost
  4134 | D:8      | Killed a hungry ghost
  4134 | D:8      | Reached skill level 5 in Axes
  4248 | D:7      | Found a staircase to the Ecumenical Temple.
  4274 | Temple   | Entered the Ecumenical Temple
  4295 | Temple   | Became a worshipper of Warmaster Okawaru
  4387 | D:6      | Gained mutation: You have claws for feet. [demonic
                  | ancestry]
  4387 | D:6      | Reached XP level 8. HP: 61/61 MP: 8/8
  4504 | D:6      | Found Muplur's Gadget Shop.
  4526 | D:6      | Noticed Pikel
  4549 | D:5      | Reached skill level 5 in Shields
  4759 | D:5      | Killed Pikel
  4759 | D:5      | Reached skill level 6 in Axes
  4759 | D:5      | Reached skill level 5 in Armour
  4939 | D:6      | Reached skill level 5 in Fighting
  5206 | D:5      | Reached * piety under Okawaru
  5339 | D:5      | HP: 1/62 [orc priest/divine providence (10)]
  5339 | D:5      | Slain by an orc priest

Vault maps used:
D:1:      giann_bridges, grunt_decor_arrowhead, minmay_tree_intersection,
          nrook_mini_vaults, minmay_misc_feat_rugged, roderic_roman_lattice
D:2:      vehumet_crystals, gammafunk_temple_overflow_pools,
          gammafunk_temple_overflow_wave, uniq_crazy_yiuf_cottage, uniq_natasha,
          uniq_sigmund
D:3:      first_ration, biasface_ghost_orc_armoury
D:4:      kennysheep_little_box, uniq_duvessa, uniq_purgy
D:5:      lemuel_round_altar, minmay_holes, serial_park_tiny_pond,
          kennysheep_pointless_box
D:6:      serial_shops, nicolae_shop_statue_plus, basic_altar, uniq_pikel
D:7:      gammafunk_the_bubble, minmay_temple_entry_waves
D:8:      david_nohive_1, guppyfry_early_elven_hall
Temple:   cyrus_circular_temple

Skill      XL: |  1  2  3  4  5  6  7  8 |
---------------+-------------------------+-----
Axes           | 2 3 4 5 6 |  6.7
Armour         | 3 4 5 |  5.2
Dodging        | 1 2 |  2.0
Shields        | 3 4 5 |  5.8
Fighting       | 4 5 |  5.1
Stealth        | |  0.3

Action                   |  1- 3 |  4- 6 |  7- 9 || total
-------------------------+-------+-------+-------++-------
Melee: War axe           |    92 |   142 |   212 ||   446
       Kick              |    13 |    49 |    65 ||   127
  Use: Potion            |       |     2 |       ||     2
       Scroll            |       |     6 |     4 ||    10
  Eat: Chunk             |     2 |     6 |     9 ||    17
Armor: Scale mail        |    37 |    18 |       ||    55
       Chain mail        |       |    24 |    99 ||   123
       Plate armour      |       |    16 |       ||    16
Dodge: Dodged            |    33 |    19 |    37 ||    89
Block: Shield            |    43 |       |       ||    43
       Large shield      |    13 |   120 |   203 ||   336

Table legend:
 A = Non-vault XP
 B = Vault XP
 C = Vault XP percentage of total XP
 D = Non-vault monster count
 E = Vault monster count
 F = Vault count percentage of total count
                 A         B        C        D         E       F
            +---------+---------+-------+---------+---------+-------
      Total |    1596 |     967 |  37.7 |     125 |       4 |   3.1
            +---------+---------+-------+---------+---------+-------
        D:1 |      52 |       0 |   0.0 |      30 |       0 |   0.0
        D:2 |     161 |     294 |  64.6 |      19 |       3 |  13.6
        D:3 |      75 |       0 |   0.0 |      24 |       0 |   0.0
        D:4 |     239 |       0 |   0.0 |       7 |       0 |   0.0
        D:5 |     370 |     673 |  64.5 |      22 |       1 |   4.3
        D:6 |     176 |       0 |   0.0 |       9 |       0 |   0.0
        D:7 |     107 |       0 |   0.0 |       7 |       0 |   0.0
        D:8 |     416 |       0 |   0.0 |       7 |       0 |   0.0
            +---------+---------+-------+---------+---------+-------
